 Dungeon Crawl Stone Soup version 0.23-a0-38-g6d804a8 (webtiles) character file.

91 Amnesiac the Magician (level 4, -1/33 HPs)
             Began as a Mummy Conjurer on Aug 5, 2018.
             Slain by a jackal (3 damage)
             ... on level 1 of the Dungeon.
             The game lasted 00:01:54 (1578 turns).

Amnesiac the Magician (Mummy Conjurer)              Turns: 1578, Time: 00:01:55

Health: -1/33      AC:  2    Str: 11    XL:     4   Next: 33%
Magic:  0/9        EV: 13    Int: 15    God:
Gold:   64         SH:  0    Dex: 12    Spells: 7/10 levels left

rFire    x . .     SeeInvis .   d - +0 hunting sling
rCold    + . .     Gourm    .   (no shield)
rNeg     + + +     Faith    .   a - +0 robe
rPois    ∞         Spirit   .   (no helmet)
rElec    .         Reflect  .   (no cloak)
rCorr    .         Harm     .   (no gloves)
MR       .....                  (no boots)
Stlth    ++........             (no amulet)
HPRegen  0.11/turn              (no ring)
MPRegen  0.11/turn              (no ring)

@: no status effects
A: no food or potions, fire vulnerability, cold resistance 1, negative energy
resistance 3, torment resistance, unbreathing
a: no special abilities


You were on level 1 of the Dungeon.
You were not hungry.

You visited 1 branch of the dungeon, and saw 2 of its levels.

You collected 64 gold pieces.

Inventory:

Hand Weapons
 d - a +0 hunting sling (weapon)
Missiles
 f - 21 stones (quivered)
Armour
 a - a +0 robe (worn)
Jewellery
 b - an uncursed ring of positive energy {unknown}
Scrolls
 c - a scroll of noise {!r, unknown}
 e - 3 scrolls of identify {!r, unknown}


   Skills:
 + Level 1.7 Fighting
 * Level 2.9 Dodging
 - Level 1.5 Stealth
 + Level 3.7 Spellcasting
 - Level 3.2 Conjurations


You had 7 spell levels left.
You knew the following spells:

 Your Spells              Type           Power        Failure   Level  Hunger
a - Magic Dart            Conj           ##..         4%          1    N/A
d - Searing Ray           Conj           ##....       8%          2    N/A

Your spell library contained the following spells:

 Spells                   Type           Power        Failure   Level  Hunger
 Iskenderun's Mystic Bla  Conj           ##......     43%         4    N/A
 Fulminant Prism          Conj/Hex       #.........   67%         4    N/A
 Dazzling Spray           Conj/Hex       #.....       28%         3    N/A
 Force Lance              Conj/Tloc      #.......     67%         4    N/A

Dungeon Overview and Level Annotations

Branches:
Dungeon (2/15)

Altars:


Innate Abilities, Weirdness & Mutations

You do not eat or drink.
Your flesh is vulnerable to fire.
You are immune to poison.
Your flesh is cold resistant. (rC+)
You are immune to negative energy. (rN+++)
You are immune to unholy pain and torment.
You can survive without breathing.


Message History

The adder hisses angrily.
The gnoll hits you from afar with a spear.
* * * LOW HITPOINT WARNING * * *
There are monsters nearby!
Firing (i - inventory)
f - 22 stones (quivered)
Press: ? - help, Shift-Dir - straight line, f/p - gnoll
Aim: a gnoll, wielding a spear (severely wounded)
You shoot a stone. The stone closely misses the jackal.
The stone hits the gnoll.
You kill the gnoll!
The jackal bites you.
* * * LOW HITPOINT WARNING * * *
The jackal misses you.
The gnoll hits you from afar with a vampiric spear!
* * * LOW HITPOINT WARNING * * *
Casting: Magic Dart (safe; 4% risk of failure)
Confirm with . or Enter, or press ? or * to list all spells.
Aiming: Magic Dart (safe; 4% risk of failure)
Press: ? - help, Shift-Dir - straight line, f/p - jackal
Aim: a jackal The magic dart hits the jackal.
The jackal bites you.
* * * LOW HITPOINT WARNING * * *
The gnoll hits you but does no damage.
There are monsters nearby!
The jackal completely misses you.
You are too injured to fight recklessly!
Casting: Magic Dart (safe; 4% risk of failure)
Confirm with . or Enter, or press ? or * to list all spells.
Aiming: Magic Dart (safe; 4% risk of failure)
Press: ? - help, Shift-Dir - straight line, f/p - jackal
Aim: a jackal The magic dart hits the jackal.
The jackal completely misses you. The jackal closely misses you.
You are too injured to fight recklessly!
Casting: Magic Dart (safe; 4% risk of failure)
Confirm with . or Enter, or press ? or * to list all spells.
Aiming: Magic Dart (safe; 4% risk of failure)
Press: ? - help, Shift-Dir - straight line, f/p - jackal
Aim: a jackal The magic dart hits the jackal.
The jackal is heavily wounded.
The jackal closely misses you. The jackal misses you. The jackal bites you.
* * * LOW HITPOINT WARNING * * *
The jackal barely misses you. The jackal misses you.
There is a stone staircase leading up here.
The jackal bites you.
* * * LOW HITPOINT WARNING * * *
You climb upwards.
There is a stone staircase leading down here.
You aren't carrying any items that you can evoke.
Okay, then.
Casting: Magic Dart (safe; 4% risk of failure)
Confirm with . or Enter, or press ? or * to list all spells.
Aiming: Magic Dart (safe; 4% risk of failure)
Press: ? - help, Shift-Dir - straight line, f - jackal
Aim: a jackal The magic dart hits the jackal.
The jackal is moderately wounded.
The jackal bites you but does no damage.
The jackal bites you.
You die...

#.# #.#####.....#.##.# #.# #.#
#................# #.# #.#
#########.###########.### #.# #)#
#..#..# #.# #.# #.###.# #.# ##'##
#..#..# #.# ##...## #.....# #.###
##.....## ###.### #.#.##
##.....@h## ##.#.#
##....####.÷.......####....######
.........'.........'.÷...........
##....####.........####....##.###
##.#..# ##.......## ##.#.##.#
##.##.# ##.....## #.#..#.#
##.##.# ##...## #.##.#.# .....†#
##+## #...[..# ##.#### #.#
####.###


You could see a jackal.

Vanquished Creatures
  A hound skeleton (D:2)
  4 gnolls
  An ooze (D:1)
  A dart slug (D:2)
  A ball python (D:1)
  4 bats
  2 giant cockroaches
  4 goblins
  4 hobgoblins
  A jackal (D:2)
  3 frilled lizards
  7 kobolds
  3 rats (D:1)
36 creatures vanquished.

Notes
Turn   | Place    | Note
-------+----------+-------------------------------------------
     0 | D:1      | Amnesiac the Mummy Conjurer began the quest for the Orb.
     0 | D:1      | Reached XP level 1. HP: 13/13 MP: 4/4
   329 | D:1      | Reached XP level 2. HP: 20/20 MP: 0/6
   333 | D:1      | Learned a level 2 spell: Searing Ray
   613 | D:1      | Reached skill level 1 in Fighting
   918 | D:2      | Reached XP level 3. HP: 26/26 MP: 4/7
  1478 | D:2      | Reached XP level 4. HP: 25/32 MP: 0/9
  1576 | D:2      | HP: 1/33 [jackal (3)]
  1578 | D:1      | Slain by a jackal

Vault maps used:
D:1:      wheals_arrival_linesprint, minmay_misc_feat_hallway

Skill      XL: |  1  2 |
---------------+-------+-----
Dodging        | 2 |  2.9
Spellcasting   | 3 |  3.7
Fighting       | 1 |  1.7
Stealth        | |  1.5
Conjurations   | |  3.2

Action                   |  1- 3 |  4- 6 || total
-------------------------+-------+-------++-------
Melee: Unarmed           |     5 |       ||     5
 Fire: Hunting sling     |    19 |     9 ||    28
 Cast: Magic Dart        |    61 |    11 ||    72
       Searing Ray       |     1 |       ||     1
Armor: Robe              |     7 |     2 ||     9
Dodge: Dodged            |    21 |    12 ||    33

Table legend:
 A = Spawn XP
 B = Non-spawn XP
 C = Spawn XP percentage of total XP
 D = Spawn monster count
 E = Non-spawn monster count
 F = Spawn count percentage of total count
 G = Total turns spent on level
                    A         B        C        D         E        F      G
               +---------+---------+-------+---------+---------+-------+---------
         Total |       0 |     130 |   0.0 |       0 |      36 |   0.0 |  1578
               +---------+---------+-------+---------+---------+-------+---------
           D:1 |       0 |      51 |   0.0 |       0 |      21 |   0.0 |  1254
           D:2 |       0 |      79 |   0.0 |       0 |      15 |   0.0 |   324
               +---------+---------+-------+---------+---------+-------+---------
